Map: Shrines of Lizul

Players

CherryCoco

  • Race: Terran Terran
  • League: Gold
  • Spawn Location: 9:00

ChetBaker

  • Race: Zerg Zerg
  • League: Platinum
  • Spawn Location: 6:00

ILIEKEGGPIE - Winner!

  • Race: Protoss Protoss
  • League: Platinum
  • Spawn Location: 3:00

Peacedata - Winner!

  • Race: Zerg Zerg
  • League: Diamond
  • Spawn Location: 12:00

VOD

Have the link to the VOD?

Description

Time

  • Played on: May 25, 2018, 6:33 p.m.
  • Length: 6:55
Show
View Real Time Build Order
Export as new Build Order

CherryCoco Terran 

Build Orders:  

Get SALT Encoding   

  12  0:01  SCV  
  13  0:19  Supply Depot  
  13  0:23  Supply Depot  
  13  0:24  SCV  
  14  0:36  SCV  
  15  0:46  Barracks  
  15  0:48  SCV  
  16  1:00  SCV  
  16  1:01  Refinery  
  17  1:12  Barracks, SCV  
  18  1:24  SCV  
  19  1:35  Marine  
  19  1:36  Supply Depot  
  20  1:41  Orbital Command  
  20  1:53  Marine  
  21  1:54  Barracks  
  21  2:00  Barracks Tech Lab  
  21  2:12  SCV  
  22  2:19  Marine  
  22  2:21  Marauder  
  25  2:38  SCV  
  25  2:43  Barracks Reactor  
  25  2:44  Marine  
  26  2:47  Barracks Reactor  
  26  2:50  SCV  
  28  2:54  Refinery  
  28  3:02  Marine, SCV  
  30  3:17  Factory  
  31  3:20  SCV  
  31  3:30  Command Center  
  31  3:33  Supply Depot  
  31  3:54  Marine x4, SCV  
  36  4:05  Marine  
  36  4:07  SCV  
  36  4:09  Hellion  
  38  4:12  Marine x2  
  39  4:30  Supply Depot  
  39  4:33  Hellion, Marine x5  
  46  4:42  Orbital Command  
  46  4:51  Marine  
  47  4:55  Marine x4  
  43  5:09  Marine  
  43  5:13  Marine x4  
  44  5:25  Orbital Command, Concussive Shells, SCV  
  44  5:27  Marauder  
  47  5:31  Marine  
  47  5:32  Factory Tech Lab  
  48  5:38  Factory  
  48  5:41  Marine  
  48  5:42  Marine  
  50  5:48  Marauder  
  47  6:08  Marine x4  
  47  6:10  Marauder  
  44  6:23  SCV x2  
  45  6:25  Marine x2  
  45  6:26  Marine x2  
  45  6:31  Marauder  
  51  6:35  SCV  
Show
View Real Time Build Order
Export as new Build Order

ChetBaker Zerg 

Build Orders: Hatch First 

Get SALT Encoding   

  12  0:02  Drone  
  13  0:13  Overlord  
  13  0:19  Drone  
  14  0:46  Drone  
  14  0:49  Hatchery  
  14  0:51  Drone  
  15  0:59  Drone  
  15  1:03  Extractor  
  15  1:14  Drone x2  
  17  1:26  Spawning Pool  
  17  1:31  Drone  
  17  1:34  Drone  
  18  1:42  Drone  
  19  1:56  Drone  
  19  1:57  Extractor  
  19  2:01  Overlord  
  19  2:06  Drone  
  20  2:13  Metabolic Boost  
  20  2:15  Queen  
  20  2:21  Drone  
  24  2:22  Drone  
  24  2:35  Zergling x4  
  24  2:36  Zergling x4  
  28  2:43  Baneling Nest  
  27  2:45  Drone  
  27  2:48  Drone  
  29  3:01  Drone  
  29  3:02  Drone, Spine Crawler  
  30  3:08  Spine Crawler  
  29  3:14  Drone x2  
  31  3:29  Drone x2  
  31  3:30  Drone, Zergling x2  
  31  3:31  Zergling x2  
  31  3:33  Overlord  
  36  3:43  Lair  
  36  3:52  Overlord  
  26  4:13  Zergling x6  
  26  4:14  Zergling x10  
  27  4:34  Baneling  
  27  4:35  Baneling  
  24  4:41  Zergling x4  
  21  4:53  Zergling x4  
  9  5:22  Queen  
  9  5:23  Drone x2  
  12  5:52  Hatchery  
  11  6:00  Zergling x2  
  11  6:01  Zergling x4  
  13  6:16  Drone  
Show
View Real Time Build Order
Export as new Build Order

ILIEKEGGPIE Protoss - Winner!

Build Orders:  

Get SALT Encoding   

  12  0:01  Probe  
  13  0:13  Probe  
  14  0:20  Pylon  
  14  0:25  Probe  
  15  0:38  Probe  
  16  0:43  Gateway  
  16  0:47  Assimilator  
  16  0:48  Probe  
  16  0:56  Probe  
  17  1:01  Assimilator  
  18  1:05  Probe  
  19  1:17  Probe  
  20  1:34  Cybernetics Core  
  20  1:39  Probe  
  21  1:44  Pylon  
  21  1:51  Probe  
  22  2:01  Stalker  
  22  2:02  Gateway  
  22  2:10  Warp Gate  
  24  2:31  Robotics Facility  
  24  2:32  Stalker  
  26  2:39  Stalker  
  26  2:40  Gateway  
  28  2:59  Pylon  
  28  3:02  Stalker  
  30  3:17  Stalker  
  32  3:27  Warp Prism  
  32  3:31  Stalker  
  36  3:39  Pylon  
  36  4:36  Stalker x3  
  28  5:21  Stalker  
  28  5:22  Stalker x2  
  34  5:38  Pylon  
  34  5:41  Stalker x3  
  40  5:54  Shield Battery  
  36  6:28  Adept x3  
Show
View Real Time Build Order
Export as new Build Order

Peacedata Zerg - Winner!

Build Orders: Pool First, Zergling Baneling 

Get SALT Encoding   

  12  0:01  Drone  
  13  0:14  Overlord  
  13  0:21  Drone  
  14  0:34  Drone x2  
  16  0:51  Spawning Pool, Extractor  
  16  0:52  Drone  
  16  0:55  Drone  
  16  1:00  Drone  
  17  1:30  Hatchery  
  16  1:37  Drone x3  
  19  1:47  Queen  
  21  2:11  Zergling x2  
  21  2:12  Overlord  
  21  2:13  Overlord  
  22  2:33  Zergling x4  
  24  2:42  Queen  
  26  2:45  Zergling x4  
  26  2:48  Metabolic Boost  
  28  2:55  Baneling Nest  
  27  2:58  Zergling x2  
  27  2:59  Zergling x2  
  27  3:03  Zergling x6  
  32  3:13  Zergling x4  
  34  3:21  Drone  
  34  3:25  Zergling x4  
  38  3:34  Zergling x2  
  38  3:40  Baneling  
  38  3:41  Baneling x6  
  38  3:44  Zergling x4  
  39  4:04  Zergling x6  
  39  4:05  Zergling x2  
  39  4:15  Zergling x4  
  39  4:16  Zergling x4  
  42  4:23  Baneling x5  
  42  4:25  Zergling x2  
  42  4:26  Overlord  
  43  4:41  Zergling x2  
  34  4:54  Zergling x2  
  34  4:55  Zergling x4  
  34  4:58  Zergling x4  
  34  5:06  Zergling x2  
  33  5:12  Zergling x2  
  32  5:21  Baneling x4  
  31  5:22  Baneling x2  
  31  5:26  Zergling x2  
  31  5:27  Zergling x2  
  33  5:30  Zergling x2  
  33  5:31  Zergling x2  
  34  5:47  Zergling x12  
  34  5:48  Zergling x4  
  40  5:50  Baneling  
  40  5:51  Baneling x2  
  40  6:08  Zergling x6  
  40  6:09  Zergling x6  
  43  6:31  Zergling x8  
  43  6:32  Zergling x2  
  46  6:36  Zergling x8  
Tags
 
Add a new tag
Caveats
  • Supply blocks, unpowered buildings, or Contaminate may cause inaccurate times.
  • Supply counts are checked every 10 seconds.